 Dungeon Crawl Stone Soup version 0.21-a0-414-gba8bdf1 (webtiles) character file.

30 sagitran the Chucker (level 3, 0/36 HPs)
             Began as an Ogre Hunter on Nov 2, 2017.
             Killed by divine providence
             ... invoked by an orc priest
              (12 damage)
             ... on level 2 of the Dungeon.
             The game lasted 00:08:19 (2073 turns).

sagitran the Chucker (Ogre Hunter)                  Turns: 2073, Time: 00:08:20

Health: 0/36       AC:  3    Str: 16    XL:     3   Next: 18%
Magic:  3/3        EV: 10    Int: 12    God:
Gold:   53         SH:  0    Dex: 10    Spells: 2/2 levels left

rFire    . . .     SeeInvis .   g - +0 mace
rCold    . . .     Gourm    .   (no shield)
rNeg     . . .     Faith    .   b - +0 robe
rPois    .         Spirit   .   (helmet restricted)
rElec    .         Reflect  .   (no cloak)
rCorr    .         Harm     .   (gloves unavailable)
MR       .....                  (boots unavailable)
Stlth    +.........             (no amulet)
HPRegen  0.12/turn              (no ring)
MPRegen  0.08/turn              (no ring)

@: no status effects
A: unfitting armour, tough skin 1
a: no special abilities


You were on level 2 of the Dungeon.
You were not hungry.

You visited 1 branch of the dungeon, and saw 2 of its levels.

You collected 53 gold pieces.

Inventory:

Hand Weapons
 a - a +0 short sword
 g - a +0 mace (weapon)
 h - a +0 club
Missiles
 c - 5 large rocks (quivered)
 d - 2 throwing nets
Armour
 b - a +0 robe (worn)
Scrolls
 e - a scroll of magic mapping
 j - a scroll of recharging
Potions
 l - a potion of flight {unknown}
 m - a potion of resistance {unknown}
 n - a potion of haste {unknown}
 q - a potion of ambrosia {unknown}
Comestibles
 f - a bread ration
 i - 2 meat rations
 p - 5 fruits


   Skills:
 + Level 2.9 Fighting
 + Level 0.3 Maces & Flails
 + Level 4.4 Throwing
 + Level 2.1 Dodging
 + Level 0.9 Stealth
 + Level 0.5 Unarmed Combat


You had 2 spell levels left.
You didn't know any spells.

Dungeon Overview and Level Annotations

Branches:
Dungeon (2/15)

Altars:
Dithmenos
Elyvilon


Innate Abilities, Weirdness & Mutations

You are too large for most types of armour.
You have tough skin. (AC +1)


Message History

As you read the scroll labeled AZAUBRA JOIXT, it crumbles to dust.
You feel aware of your surroundings.
It was a scroll of magic mapping.
The kobold shouts!
The leopard gecko bites you.
The orc priest mumbles some strange prayers to Beogh against you.
Beogh smites you!
The leopard gecko bites you but does no damage.
An orc comes into view. It is wielding an enchanted whip.
As you read the scroll labeled AKHLOSSIGECK, it crumbles to dust.
It is a scroll of recharging.
You aren't carrying any rechargeable items.
The leopard gecko bites you.
The orc priest looks braver for a moment.
The hobgoblin barely misses you.
A rat comes into view.
The orc priest looks encouraged for a moment.
The leopard gecko misses you. The orc closely misses you.
The orc priest mumbles some strange prayers to Beogh against you.
Beogh smites you!
You die...

#####****##...##.#####.####.....#
,,,,,,,,,..................[....#
,********..........)....###....##
,* ******.#...##....###.# #.#.##
,* *,,,,,...#....#### #.# #.#.#
,***,****.#...##.# #.# #.#.##
,,,,,,,,,,*#.**#.# #.# #....#
****,***,,*#,* #>######.# ###..#
,,,,,,,,,.##,*##@#......# #..#
,,,,,,,,,..o.##.olg.###.#####..#
,***,***,###..o.#..............##
** *,* *,....oK.....###.........#
*,****#[###.#.#.####.######..#
*,,,,,.,* #..........######..#
*******,**#..................#
*>,...###.############.. **#.#.*
#.# ###


You could see an orc priest, 2 orcs, a leopard gecko, a hobgoblin and a kobold.

Vanquished Creatures
  A worm (D:2)
  A dart slug (D:1)
  A leopard gecko (D:1)
  A ball python (D:2)
  A giant cockroach (D:2)
  3 goblins
  2 hobgoblins (D:1)
  5 kobolds
  5 bats
  3 frilled lizards (D:1)
  2 rats (D:2)
25 creatures vanquished.

Notes
Turn   | Place    | Note
-------+----------+-------------------------------------------
     0 | D:1      | sagitran the Ogre Hunter began the quest for the Orb.
     0 | D:1      | Reached XP level 1. HP: 22/22 MP: 1/1
   568 | D:1      | Reached XP level 2. HP: 23/29 MP: 2/2
  1654 | D:2      | Reached XP level 3. HP: 36/36 MP: 3/3
  1819 | D:2      | Found a shadowy altar of Dithmenos.
  1830 | D:2      | Found a white marble altar of Elyvilon.
  2073 | D:2      | Killed from afar by an orc priest

Vault maps used:
D:1:      nicolae_arrival_somewhat_less_tricky_arrival, minmay_misc_feat_hallway
D:2:      nicolae_overflow_hidden_temple, grunt_dithmenos_smoke_and_mirrors

Skill      XL: |  1  2 |
---------------+-------+-----
Dodging        | 2 |  2.1
Fighting       | |  2.9
Maces & Flails | |  0.3
Throwing       | |  4.4
Stealth        | |  0.9
Unarmed Combat | |  0.5

Action                   || total
-------------------------++-------
Melee: Unarmed           ||    62
       Club              ||    46
       Mace              ||    37
       Punch             ||     1
  Use: Scroll            ||     2
 Stab: Sleeping          ||     1
  Eat: Chunk             ||     3
       Royal jelly       ||     1
Armor: Robe              ||    65
Dodge: Dodged            ||    96

Table legend:
 A = Spawn XP
 B = Non-spawn XP
 C = Spawn XP percentage of total XP
 D = Spawn monster count
 E = Non-spawn monster count
 F = Spawn count percentage of total count
 G = Total turns spent on level
                    A         B        C        D         E        F      G
               +---------+---------+-------+---------+---------+-------+---------
         Total |       0 |      43 |   0.0 |       0 |      25 |   0.0 |  2073
               +---------+---------+-------+---------+---------+-------+---------
           D:1 |       0 |      26 |   0.0 |       0 |      16 |   0.0 |  1307
           D:2 |       0 |      17 |   0.0 |       0 |       9 |   0.0 |   766
               +---------+---------+-------+---------+---------+-------+---------
